 Dungeon Crawl Stone Soup version 0.29.0-11-gd7f09526c8 (webtiles) character file.

Game seed: 571108897305577710

266 StoopidFlanders the Twirler (level 6, 0/32 HPs)
             Began as a Deep Elf Air Elementalist on Sept 3, 2022.
             Slain by a hobgoblin (4 damage)
             ... on level 4 of the Dungeon.
             The game lasted 00:07:51 (4066 turns).

StoopidFlanders the Twirler (DEAE)                  Turns: 4066, Time: 00:07:52

Health: 0/32       AC:  4    Str: 11    XL:     6   Next: 0%
Magic:  14/14      EV: 12    Int: 22    God:
Gold:   144        SH:  0    Dex: 15    Spells: 11/14 levels left

rFire   . . .      SeeInvis .   e - +9 quarterstaff of Deflation {holy, rN+ rCorr}
rCold   . . .      Faith    .   (shield currently unavailable)
rNeg    + . .      Spirit   .   a - +0 robe
rPois   .          Reflect  .   (no helmet)
rElec   .          Harm     .   (no cloak)
rCorr   +          Rampage  .   (no gloves)
Will    .....                   s - +1 pair of boots
Stlth   ++........              (no amulet)
HPRegen 0.10/turn               m - +6 ring of strength
MPRegen 0.14/turn               (no ring)

@: no status effects
A: no striking features
a: no special abilities


You were on level 4 of the Dungeon.
You visited 1 branch of the dungeon, and saw 5 of its levels.

You collected 144 gold pieces.

Inventory:

Hand Weapons
 e - the +9 quarterstaff of Deflation (weapon) {holy, rN+ rCorr}
   (You found it on level 2 of the Dungeon)

   It has been blessed by the Shining One to cause great damage to the undead
   and demons.
   rN:        It protects you from negative energy.
   rCorr:     It protects you from acid and corrosion.
 o - the +9 sling "Vinyige" {vorpal, Will+ Dex+4}
   (You found it on level 2 of the Dungeon)

   Any ammunition fired from it inflicts extra damage upon your enemies.
   Dex:       It affects your dexterity (+4).
   Will:      It increases your willpower.
Armour
 a - a +0 robe (worn)
 s - a +1 pair of boots (worn)
Magical Staves
 l - a staff of conjuration
Jewellery
 f - an amulet of guardian spirit
 m - a +6 ring of strength (left hand)
Scrolls
 c - 3 scrolls of fog {unknown}
 g - a scroll of torment {unknown}
 h - a scroll of brand weapon {unknown}
 j - a scroll of enchant weapon {unknown}
 k - a scroll of enchant armour {unknown}
 q - a scroll of fear {unknown}
 r - a scroll of identify
 t - a scroll of magic mapping {unknown}
Potions
 b - 2 potions of magic
 d - a potion of flight
 i - 2 potions of cancellation
 p - a potion of haste
 u - a potion of attraction {unknown}
 v - a potion of resistance {unknown}


   Skills:
 - Level 0.1 Fighting
 * Level 5.2 Staves
 - Level 2.4 Dodging
 - Level 2.4 Stealth
 - Level 4.5 Spellcasting
 - Level 1.1 Conjurations
 - Level 3.0 Air Magic


You had 11 spell levels left.
You knew the following spells:

 Your Spells              Type           Power      Damage    Failure   Level
a - Shock                 Conj/Air       56%        1d6       4%          1
b - Sublimation of Blood  Necr           4%         N/A       16%         2

Your spell library contained the following spells:

 Spells                   Type           Power      Damage    Failure   Level
 Static Discharge         Conj/Air       14%        3-5/arc   7%          2
 Swiftness                Air            18%        N/A       10%         3
 Wereblood                Tmut           4%         N/A       16%         2
 Airstrike                Air            9%         2d(2-18)  30%         4
 Summon Hydra             Summ           2%         N/A       100%        7


Dungeon Overview and Level Annotations

Branches:
Dungeon (5/15)
 Temple: D:4-7

Altars:
Cheibriados
Gozag
Makhleb


Message History

The giant cockroach barely misses you.
You thump the giant cockroach!
You kill the giant cockroach!
No target in view!
No target in view!
A dart slug comes into view.
A dart slug is nearby!
A dart slug is nearby!
The helpless dart slug fails to defend itself.
You sock the dart slug!
You kill the dart slug!
You have reached level 6!
You see here a dart slug corpse.
An ogre comes into view. It is wielding a +0 giant club.
No target in view!
No target in view!
An ogre is nearby!
A hobgoblin comes into view.
You catch the helpless ogre completely off-guard!
You sock the ogre!
The ogre is moderately wounded.
The ogre barely misses you.
You sock the ogre!
The ogre is severely wounded.
The hobgoblin shouts!
The ogre hits you with a +0 giant club!!
Ouch! That really hurt!
* * * LOW HITPOINT WARNING * * *
You are too injured to fight recklessly!
The hobgoblin barely misses you.
You see here a +0 dagger.
The hobgoblin attacks as you move away! The hobgoblin hits you.
* * * LOW HITPOINT WARNING * * *
The hobgoblin attacks as you move away! The hobgoblin barely misses you.
The hobgoblin attacks as you move away! The hobgoblin hits you.
* * * LOW HITPOINT WARNING * * *
The hobgoblin attacks as you move away! The hobgoblin hits you.
* * * LOW HITPOINT WARNING * * *
The hobgoblin attacks as you move away! The hobgoblin hits you.
You die...

## ##### .# #...# .#
#...####### .#
#.........# .#
#.........##### .#
##............#
.####........###@#
...†...........#g#
.##............#.#
..#.############O#######
#.#.# #....>..# #.#.#
#.......# #.#.#
#.......# #.#.#
#.####### #.#.# #.#


You could see an ogre and a hobgoblin.

Vanquished Creatures
  3 hounds
  An iguana (D:5)
  2 orc wizards
  An adder (D:2)
  An ufetubus (D:4)
  5 dart slugs
  11 orcs
  3 ball pythons
  5 bats
  5 endoplasms
  3 giant cockroaches
  5 goblins
  5 hobgoblins
  3 quokkas
  3 frilled lizards
  6 kobolds
  3 rats
65 creatures vanquished.

Notes
Turn   | Place    | Note
-------+----------+-------------------------------------------
     0 | D:1      | StoopidFlanders the Deep Elf Air Elementalist began the
                  | quest for the Orb.
     0 | D:1      | Reached XP level 1. HP: 10/10 MP: 6/6
   638 | D:1      | Found a faded altar of an unknown god.
   640 | D:1      | Noticed a floating eye
   644 | D:1      | Noticed an eye of devastation
   679 | D:1      | Reached XP level 2. HP: 15/15 MP: 5/8
  1206 | D:1      | Noticed an eye of devastation
  1211 | D:1      | Noticed an eye of devastation
  1406 | D:1      | Learned a level 2 spell: Sublimation of Blood
  1500 | D:2      | Identified the +9 quarterstaff of Deflation {holy, rN+
                  | rCorr}
  1655 | D:2      | Reached skill level 1 in Staves
  1655 | D:2      | Reached XP level 3. HP: 19/19 MP: 3/11
  1784 | D:2      | Found a burning altar of Makhleb.
  1910 | D:2      | Identified the +9 sling "Vinyige" {vorpal, Will+ Dex+4}
  2477 | D:3      | Reached skill level 2 in Staves
  2623 | D:3      | Reached XP level 4. HP: 21/24 MP: 7/12
  2645 | D:3      | Reached skill level 3 in Staves
  2939 | D:3      | Found a snail-covered altar of Cheibriados.
  2958 | D:3      | Found an opulent altar of Gozag.
  3362 | D:3      | You fall into a shaft and drop 2 floors!
  3362 | D:5      | Entered Level 5 of the Dungeon
  3408 | D:5      | Noticed an ogre
  3505 | D:5      | Reached skill level 4 in Staves
  3505 | D:5      | Reached XP level 5. HP: 9/28 MP: 9/13
  3928 | D:4      | Reached skill level 5 in Staves
  3994 | D:4      | Reached XP level 6. HP: 32/32 MP: 14/14
  4066 | D:4      | Slain by a hobgoblin

Illustrated notes

Levels and vault maps discovered:
D:1:      sevenhm_arrival_forest_fort_small_1, layout_basic,
          hellmonk_ecumenical_altar_watching_god
D:2:      layout_basic, basic_altar
D:3:      layout_basic, nicolae_overflow_squiral, minmay_shallow_snake_nest
D:4:      layout_basic, hangedman_abyss_or_decor_lesser_grid,
          nicolae_wooded_promenade
D:5:      layout_basic, temple_green

Skill      XL: |  1  2  3  4  5 |
---------------+----------------+-----
Spellcasting   | 4 |  4.5
Staves         | 1 2 4 5 |  5.2
Fighting       | |  0.1
Dodging        | |  2.4
Stealth        | |  2.4
Conjurations   | |  1.1
Air Magic      | |  3.0

Action                   |  1- 3 |  4- 6 || total
-------------------------+-------+-------++-------
Melee: Whip              |     6 |       ||     6
       Unarmed           |     2 |       ||     2
       Quarterstaff      |    31 |    46 ||    77
 Cast: Shock             |    42 |    23 ||    65
  Use: Scroll            |     3 |     2 ||     5
       Potion            |       |     2 ||     2
 Stab: Sleeping          |     1 |     4 ||     5
       Distracted        |       |     1 ||     1
Armor: Robe              |    12 |    11 ||    23
Dodge: Dodged            |    37 |    26 ||    63
